| TOP OF THE 1ST |
|
Bradenton Sox batting - Pitching for St. Pete Cardinals : RHP Stan Leland
|
|
Pitching: RHP Stan Leland
|
|
|
Batting: RHB Dave Coss
|
0-0: Called Strike 0-1: Fly out, F7 (Flyball, 7, EV 84.4 MPH)
|
|
Batting: RHB Rene Gonzales
|
0-0: Fly out, F8 (Flyball, 89XD, EV 101.9 MPH)
|
|
Batting: RHB Dennis Tiefenthaler
|
0-0: Swinging Strike 0-1: Ball 1-1: Ground out 5-3 (Groundball, 56S, EV 64.4 MPH)
|
| Top of the 1st over - 0 runs, 0 hits, 0 errors, 0 left on base; Bradenton 0 - St. Pete 0 |
| BOTTOM OF THE 1ST |
|
St. Pete Cardinals batting - Pitching for Bradenton Sox : RHP Mark Scheiwe
|
|
Pitching: RHP Mark Scheiwe
|
|
|
Batting: RHB John Roberts
|
0-0: Foul Ball, location: 2F 0-1: Foul Ball, location: 2F 0-2: Strikes out looking
|
|
Batting: SHB Mickey Riley
|
0-0: Fly out, F7 (Flyball, 7, EV 84.4 MPH)
|
|
Batting: RHB Joe Scime
|
0-0: Foul Ball, location: 2F 0-1: Ball 1-1: Ball 2-1: Ground out 5-3 (Groundball, 56S, EV 70.0 MPH)
|
| Bottom of the 1st over - 0 runs, 0 hits, 0 errors, 0 left on base; Bradenton 0 - St. Pete 0 |
| TOP OF THE 2ND |
|
Bradenton Sox batting - Pitching for St. Pete Cardinals : RHP Stan Leland
|
|
Batting: RHB Dave Hoeksema
|
0-0: Called Strike 0-1: Ball 1-1: Swinging Strike 1-2: Fly out, F8 (Flyball, 8RM, EV 77.5 MPH)
|
|
Batting: RHB Jerry Nalley
|
0-0: Ball 1-0: Ground out 4-3 (Groundball, 4D, EV 100.6 MPH)
|
|
Batting: RHB William Murray
|
0-0: Called Strike 0-1: Ball 1-1: Foul Ball, location: 2F 1-2: Foul Ball, location: 2F 1-2: Foul Ball, location: 2F 1-2: Strikes out swinging
|
| Top of the 2nd over - 0 runs, 0 hits, 0 errors, 0 left on base; Bradenton 0 - St. Pete 0 |
| BOTTOM OF THE 2ND |
|
St. Pete Cardinals batting - Pitching for Bradenton Sox : RHP Mark Scheiwe
|
|
Batting: RHB Eric Hardgrave
|
0-0: Called Strike 0-1: Called Strike 0-2: Ball 1-2: Strikes out swinging, 2-3 out at first.
|
|
Batting: LHB Richard Hazard
|
0-0: Called Strike 0-1: Ball 1-1: Fly out, F7 (Flyball, 7LM, EV 83.8 MPH)
|
|
Batting: RHB Sal Agostinelli
|
0-0: Fly out, F9 (Flyball, 9LS, EV 90.0 MPH)
|
| Bottom of the 2nd over - 0 runs, 0 hits, 0 errors, 0 left on base; Bradenton 0 - St. Pete 0 |
| TOP OF THE 3RD |
|
Bradenton Sox batting - Pitching for St. Pete Cardinals : RHP Stan Leland
|
|
Batting: RHB Andre Wood
|
0-0: Ball 1-0: Called Strike 1-1: Foul Ball, location: 2F 1-2: Fly out, F8 (Flyball, 78M, EV 86.9 MPH)
|
|
Batting: RHB Gerry Melillo
|
0-0: Foul Ball, location: 2F 0-1: Ball 1-1: Foul Ball, location: 2F 1-2: Ball 2-2: Ball 3-2: Base on Balls
|
|
Batting: RHB Dennis Keating
|
0-0: Called Strike 0-1: Ball 1-1: Foul Ball, location: 2F 1-2: Strikes out swinging
|
|
Batting: RHB Dave Coss
|
0-0: Ball 1-0: Ball 2-0: Called Strike 2-1: Ball 3-1: Foul Ball, location: 2F 3-2: Foul Ball, location: 2F 3-2: Base on Balls Gerry Melillo to second
|
|
Batting: RHB Rene Gonzales
|
0-0: Ball 1-0: Ball 2-0: Called Strike 2-1: Foul Ball, location: 2F 2-2: Ball 3-2: Strikes out swinging
|
| Top of the 3rd over - 0 runs, 0 hits, 0 errors, 2 left on base; Bradenton 0 - St. Pete 0 |
| BOTTOM OF THE 3RD |
|
St. Pete Cardinals batting - Pitching for Bradenton Sox : RHP Mark Scheiwe
|
|
Batting: RHB Omar Interiano
|
0-0: Fly out, F7 (Line Drive, 7D, EV 93.8 MPH)
|
|
Batting: RHB Tom Magrann
|
0-0: Foul Ball, location: 2F 0-1: Called Strike 0-2: Strikes out swinging
|
|
Batting: RHB Jose Mantilla
|
0-0: Called Strike 0-1: Swinging Strike 0-2: SINGLE (Line Drive, 89S, EV 101.3 MPH)
|
|
Batting: RHB John Roberts
|
0-0: Called Strike 0-1: Ball 1-1: Ball 2-1: Ball 3-1: Fly out, F8 (Line Drive, 8LM, EV 90.6 MPH)
|
| Bottom of the 3rd over - 0 runs, 1 hit, 0 errors, 1 left on base; Bradenton 0 - St. Pete 0 |
| TOP OF THE 4TH |
|
Bradenton Sox batting - Pitching for St. Pete Cardinals : RHP Stan Leland
|
|
Batting: RHB Dennis Tiefenthaler
|
0-0: Called Strike 0-1: Called Strike 0-2: Strikes out swinging
|
|
Batting: RHB Dave Hoeksema
|
0-0: Called Strike 0-1: Ball 1-1: DOUBLE (Groundball, 5D, EV 109.4 MPH)
|
|
Batting: RHB Jerry Nalley
|
0-0: Foul Ball, location: 2F 0-1: Foul Ball, location: 2F 0-2: Ball 1-2: Strikes out swinging
|
|
Batting: RHB William Murray
|
0-0: Foul Ball, location: 2F 0-1: Ball 1-1: Foul Ball, location: 2F 1-2: Ball 2-2: Ball 3-2: Fly out, F7 (Flyball, 7D, EV 86.3 MPH)
|
| Top of the 4th over - 0 runs, 1 hit, 0 errors, 1 left on base; Bradenton 0 - St. Pete 0 |
| BOTTOM OF THE 4TH |
|
St. Pete Cardinals batting - Pitching for Bradenton Sox : RHP Mark Scheiwe
|
|
Batting: SHB Mickey Riley
|
0-0: Ball 1-0: Foul Ball, location: 2F 1-1: Ball 2-1: Ball 3-1: Base on Balls
|
|
Batting: RHB Joe Scime
|
0-0: Called Strike 0-1: Ball 1-1: Grounds into double play, 4-6-3 (Groundball, 4, EV 81.9 MPH)
|
|
Batting: RHB Eric Hardgrave
|
0-0: Ball 1-0: Swinging Strike 1-1: Called Strike 1-2: Ball 2-2: Foul Ball, location: 2F 2-2: Ball 3-2: Foul Ball, location: 2F 3-2: Base on Balls
|
|
Batting: LHB Richard Hazard
|
0-0: Ball 1-0: Foul Ball, location: 2F 1-1: Ball 2-1: Swinging Strike 2-2: Strikes out swinging
|
| Bottom of the 4th over - 0 runs, 0 hits, 0 errors, 1 left on base; Bradenton 0 - St. Pete 0 |
| TOP OF THE 5TH |
|
Bradenton Sox batting - Pitching for St. Pete Cardinals : RHP Stan Leland
|
|
Batting: RHB Andre Wood
|
0-0: SINGLE (Line Drive, 89S, EV 95.6 MPH)
|
|
Batting: RHB Gerry Melillo
|
0-0: Ball 1-0: Foul Ball, location: 2F 1-1: Grounds into double play, 6-4-3 (Groundball, 56, EV 86.3 MPH)
|
|
Batting: RHB Dennis Keating
|
0-0: Ball 1-0: Ball 2-0: Ball 3-0: Fly out, F9 (Flyball, 9D, EV 101.3 MPH)
|
| Top of the 5th over - 0 runs, 1 hit, 0 errors, 0 left on base; Bradenton 0 - St. Pete 0 |
| BOTTOM OF THE 5TH |
|
St. Pete Cardinals batting - Pitching for Bradenton Sox : RHP Mark Scheiwe
|
|
Batting: RHB Sal Agostinelli
|
0-0: Fly out, F3 (Popup, 3SF, EV 71.9 MPH)
|
|
Batting: RHB Omar Interiano
|
0-0: Ball 1-0: Ground out 4-3 (Groundball, 4, EV 80.6 MPH)
|
|
Batting: RHB Tom Magrann
|
0-0: Called Strike 0-1: Ball 1-1: Foul Ball, location: 2F 1-2: Ball 2-2: Strikes out swinging
|
| Bottom of the 5th over - 0 runs, 0 hits, 0 errors, 0 left on base; Bradenton 0 - St. Pete 0 |
| TOP OF THE 6TH |
|
Bradenton Sox batting - Pitching for St. Pete Cardinals : RHP Stan Leland
|
|
Batting: RHB Dave Coss
|
0-0: Ball 1-0: Swinging Strike 1-1: Ball 2-1: Called Strike 2-2: Foul Ball, location: 2F 2-2: Strikes out swinging
|
|
Batting: RHB Rene Gonzales
|
0-0: Fly out, F9 (Flyball, 9S, EV 95.6 MPH)
|
|
Batting: RHB Dennis Tiefenthaler
|
0-0: Ball 1-0: Called Strike 1-1: Swinging Strike 1-2: Ball 2-2: Ball 3-2: Foul Ball, location: 2F 3-2: Base on Balls
|
|
Batting: RHB Dave Hoeksema
|
0-0: Ball 1-0: Fly out, F8 (Flyball, 78XD, EV 108.1 MPH)
|
| Top of the 6th over - 0 runs, 0 hits, 0 errors, 1 left on base; Bradenton 0 - St. Pete 0 |
| BOTTOM OF THE 6TH |
|
St. Pete Cardinals batting - Pitching for Bradenton Sox : RHP Mark Scheiwe
|
|
Batting: RHB Jose Mantilla
|
0-0: Ground out 5-3 (Groundball, 56S, EV 87.5 MPH)
|
|
Batting: RHB John Roberts
|
0-0: Ball 1-0: Ball 2-0: Ball 3-0: Base on Balls
|
|
Batting: SHB Mickey Riley
|
0-0: Called Strike 0-1: Ball 1-1: Called Strike John Roberts steals 2nd, throwing error, E2 John Roberts to third 1-2: Foul Ball, location: 2F 1-2: Strikes out swinging
|
|
Batting: RHB Joe Scime
|
0-0: Ball 1-0: DOUBLE (Flyball, 89XD, EV 96.3 MPH) John Roberts scores
|
|
Batting: RHB Eric Hardgrave
|
0-0: Called Strike 0-1: Foul Ball, location: 2F 0-2: Strikes out swinging
|
| Bottom of the 6th over - 1 run, 1 hit, 1 error, 1 left on base; Bradenton 0 - St. Pete 1 |
| TOP OF THE 7TH |
|
Bradenton Sox batting - Pitching for St. Pete Cardinals : RHP Stan Leland
|
|
Batting: RHB Jerry Nalley
|
0-0: Foul Ball, location: 2F 0-1: Ball 1-1: Foul Ball, location: 2F 1-2: Fly out, F8 (Flyball, 89D, EV 91.9 MPH)
|
|
Batting: RHB William Murray
|
0-0: Ball 1-0: Fly out, F8 (Flyball, 78M, EV 90.0 MPH)
|
|
Batting: RHB Andre Wood
|
0-0: Ball 1-0: SINGLE (Groundball, 56S, EV 66.9 MPH) (infield hit)
|
|
Batting: RHB Gerry Melillo
|
0-0: Swinging Strike 0-1: Ball 1-1: Ball 2-1: Called Strike 2-2: Foul Ball, location: 2F 2-2: Ball 3-2: Foul Ball, location: 2F 3-2: Ground out 4-3 (Groundball, 34, EV 110.0 MPH)
|
| Top of the 7th over - 0 runs, 1 hit, 0 errors, 1 left on base; Bradenton 0 - St. Pete 1 |
| BOTTOM OF THE 7TH |
|
St. Pete Cardinals batting - Pitching for Bradenton Sox : RHP Mark Scheiwe
|
|
Batting: LHB Richard Hazard
|
0-0: Ball 1-0: Ball 2-0: SOLO HOME RUN (Flyball, 9D, EV 113.1 MPH), Distance : 381 ft
|
|
Batting: RHB Sal Agostinelli
|
0-0: Ball 1-0: Ball 2-0: Foul Ball, location: 2F 2-1: Ball 3-1: Fly out, F9 (Flyball, 9LS, EV 81.9 MPH)
|
|
Batting: RHB Omar Interiano
|
0-0: Ball 1-0: Ball 2-0: Fly out, F6 (Flyball, 5D, EV 83.8 MPH)
|
|
Batting: RHB Tom Magrann
|
0-0: Called Strike 0-1: Ball 1-1: Ball 2-1: Ball 3-1: Base on Balls
|
|
Batting: RHB Jose Mantilla
|
0-0: Foul Ball, location: 2F 0-1: Ground out U3 (Groundball, 34S, EV 86.3 MPH)
|
| Bottom of the 7th over - 1 run, 1 hit, 0 errors, 1 left on base; Bradenton 0 - St. Pete 2 |
| TOP OF THE 8TH |
|
Bradenton Sox batting - Pitching for St. Pete Cardinals : RHP Stan Leland
|
|
Batting: RHB Dennis Keating
|
0-0: Called Strike 0-1: Ball 1-1: Ball 2-1: Foul Ball, location: 2F 2-2: Strikes out looking
|
|
Batting: RHB Dave Coss
|
0-0: Ball 1-0: Ball 2-0: Foul Ball, location: 2F 2-1: Ball 3-1: Swinging Strike 3-2: Fly out, F9 (Flyball, 89S, EV 91.9 MPH)
|
|
Batting: RHB Rene Gonzales
|
0-0: Swinging Strike 0-1: Fly out, F8 (Flyball, 8LD, EV 79.4 MPH)
|
| Top of the 8th over - 0 runs, 0 hits, 0 errors, 0 left on base; Bradenton 0 - St. Pete 2 |
| BOTTOM OF THE 8TH |
|
St. Pete Cardinals batting - Pitching for Bradenton Sox : RHP Mark Scheiwe
|
|
Batting: RHB John Roberts
|
0-0: Ball 1-0: Swinging Strike 1-1: Ground out 6-3 (Groundball, 56, EV 106.3 MPH)
|
|
Batting: SHB Mickey Riley
|
0-0: Called Strike 0-1: Foul Ball, location: 2F 0-2: Ball 1-2: Foul Ball, location: 2F 1-2: SINGLE (Line Drive, 78S, EV 100.0 MPH)
|
|
Batting: RHB Joe Scime
|
0-0: Called Strike 0-1: Ball 1-1: Ball 2-1: Grounds into double play, 5-4-3 (Groundball, 5, EV 86.3 MPH)
|
| Bottom of the 8th over - 0 runs, 1 hit, 0 errors, 0 left on base; Bradenton 0 - St. Pete 2 |
| TOP OF THE 9TH |
|
Bradenton Sox batting - Pitching for St. Pete Cardinals : RHP Stan Leland
|
|
Batting: RHB Dennis Tiefenthaler
|
0-0: Fly out, F8 (Flyball, 8LS, EV 76.9 MPH)
|
|
Batting: RHB Dave Hoeksema
|
0-0: SINGLE (Groundball, 56D, EV 116.3 MPH)
|
|
Batting: RHB Jerry Nalley
|
0-0: Swinging Strike 0-1: Fly out, F7 (Flyball, 7S, EV 95.0 MPH)
|
|
Batting: RHB William Murray
|
0-0: Called Strike 0-1: Foul Ball, location: 2F 0-2: Ball 1-2: Foul Ball, location: 2F 1-2: Reached on error, E4 (Groundball, 4D, EV 91.3 MPH) Dave Hoeksema to second
|
|
Pitching: RHP Dave W Johnson
|
|
|
Batting: RHB Andre Wood
|
0-0: Foul Ball, location: 2F 0-1: Ground out 4-3 (Groundball, 4, EV 83.8 MPH)
|
| Top of the 9th over - 0 runs, 1 hit, 1 error, 2 left on base; Bradenton 0 - St. Pete 2 |
|